AoeStats
← flynorc

African Clearing

506740656Analyzed
4v4 RM · 17d ago on Sep 14, 2026· 51m 57s· 8 players
Game mode
Random Map
Map size
Large (8 player)
Population
200
Speed
Normal
Resources
Standard
Victory
Conquest
Starting age
Dark Age
Ending age
Imperial Age
RankedLock teamsTeams togetherTeam positionsShared explorationLock speedFull tech treeHidden civsTurbo modeCheats
Victory
Defeat
🇦🇹 Mongols · Austria
1399
+14
🇮🇹 Tupi · Italy
1361
+15
🇧🇷 Huns · Brazil
1337
+16
🇦🇺 Persians · Australia
1414
-17
🇨🇱 Bohemians · Chile
1337
-14
🇦🇷 Berbers · Argentina
1322
-14
🇲🇽 Magyars · Mexico
1318
-14
GdR_Charizard
12:36 Feudal Age
10:53 Loom
16:41 Castle Age
15:12 Double-Bit Axe
16:09 Stone Mining
19:50 Fletching
21:49 Bodkin Arrow
24:21 Gold Mining
25:32 Bow Saw
26:28 Padded Archer Armor
27:39 Wheelbarrow
29:45 Horse Collar
34:00 Ballistics
34:26 Hand Cart
34:54 Heavy Plow
39:19 Imperial Age
37:32 Gold Shaft Mining
36:52 Treadmill Crane
37:09 Murder Holes
41:05 Two-Man Saw
40:06 Bracer
41:10 Chemistry
40:18 Curare
40:33 Conscription
40:23 Elite Blackwood Archer
41:40 Hoardings
41:57 Town Watch
42:30 Leather Archer Armor
42:26 Forging
42:08 Guard Tower
42:03 Arrowslits
43:03 Champi Runner
43:44 Squires
43:30 Arson
45:09 Town Patrol
44:51 Pikeman
44:53 Champi Warrior
45:37 Scale Mail Armor
46:12 Iron Casting
46:08 Ring Archer Armor
46:38 Caciques
47:39 Chain Mail Armor
48:00 Keep
47:54 Halberdier
软脚虾5号(p6有机会获得妙卡奶牛)
12:28 Loom
14:28 Feudal Age
15:42 Double-Bit Axe
16:19 Gold Mining
18:37 Castle Age
16:39 Stone Mining
17:55 Horse Collar
19:40 Bow Saw
19:59 Heavy Plow
23:41 Padded Archer Armor
26:20 Leather Archer Armor
28:59 Husbandry
29:09 Bloodlines
30:36 Herbal Medicine
31:18 Wheelbarrow
30:29 Town Watch
34:06 Hand Cart
37:44 Imperial Age
36:18 Fletching
36:47 Scale Barding Armor
36:52 Forging
37:26 Ballistics
37:03 Bodkin Arrow
37:46 Cavalier
38:51 Chain Barding Armor
39:05 Ring Archer Armor
38:59 Conscription
39:56 Two-Man Saw
40:13 Plate Barding Armor
40:20 Iron Casting
40:32 Paladin
42:33 Blast Furnace
43:56 Bodkin Arrow
44:59 Bracer
44:25 Elite Skirmisher
46:17 Chemistry
48:54 Thumb Ring
flinT
8:35 Loom
13:04 Feudal Age
14:40 Horse Collar
22:42 Castle Age
21:44 Forging
23:13 Bloodlines
23:10 Scale Barding Armor
23:42 Double-Bit Axe
30:39 Bow Saw
32:20 Chain Barding Armor
34:37 Fletching
35:40 Heavy Plow
37:08 Wheelbarrow
38:48 Hand Cart
41:23 Imperial Age
38:55 Town Watch
39:51 Iron Casting
39:19 Gold Mining
39:56 Husbandry
41:03 Marauders
42:17 Gold Shaft Mining
41:47 Stone Mining
41:40 Cavalier
43:06 Elite Tarkan
44:36 Plate Barding Armor
46:54 Conscription
flynorc
10:25 Loom
12:11 Feudal Age
16:31 Castle Age
14:23 Double-Bit Axe
19:06 Bow Saw
19:06 Horse Collar
20:14 Wheelbarrow
20:58 Heavy Plow
22:42 Scale Barding Armor
22:50 Forging
24:13 Town Watch
25:22 Bloodlines
26:11 Gold Mining
28:16 Fletching
28:25 Stone Mining
29:11 Gold Shaft Mining
28:41 Padded Archer Armor
28:43 Husbandry
32:04 Imperial Age
29:56 Bodkin Arrow
32:59 Chain Barding Armor
32:33 Heavy Camel Rider
33:38 Bracer
34:05 Ballistics
34:49 Chemistry
34:09 Ballistics
36:59 Capped Ram
38:38 Siege Ram
40:03 Masonry
40:32 Thumb Ring
40:34 Elite Skirmisher
42:30 Murder Holes
47:04 Siege Engineers
49:23 Hand Cart
50:03 Conscription
50:05 Drill
Ars Radiophonik
11:48 Feudal Age
10:38 Loom
12:23 Double-Bit Axe
12:38 Horse Collar
17:40 Town Watch
22:02 Scale Barding Armor
22:53 Bloodlines
28:54 Fletching
Youtube Nimro7
10:27 Loom
12:27 Feudal Age
13:23 Double-Bit Axe
18:33 Castle Age
16:31 Fletching
18:51 Wheelbarrow
19:35 Bodkin Arrow
20:59 Crossbowman
24:53 Padded Archer Armor
26:42 Bow Saw
28:09 Ballistics
28:02 Horse Collar
28:53 Leather Archer Armor
32:26 Hand Cart
34:13 Town Watch
37:54 Imperial Age
37:56 Arbalester
38:37 Bracer
38:10 Elite Skirmisher
39:52 Ring Archer Armor
40:49 Chemistry
41:16 Conscription
42:59 Conscription
46:19 Scale Mail Armor
46:29 Forging
46:29 Wagenburg Tactics
49:20 Town Patrol
49:50 Siege Engineers
49:26 Treadmill Crane
50:29 Houfnice
MHT. Nahuel 047
11:53 Loom
14:41 Feudal Age
18:18 Castle Age
16:21 Double-Bit Axe
16:47 Horse Collar
19:46 Bow Saw
22:04 Fletching
26:27 Bodkin Arrow
27:58 Ballistics
30:26 Husbandry
30:37 Bloodlines
31:46 Wheelbarrow
38:02 Imperial Age
36:04 Padded Archer Armor
36:26 Town Watch
36:57 Hand Cart
37:09 Gold Mining
39:51 Chemistry
39:30 Bracer
41:05 Leather Archer Armor
40:17 Elite Camel Archer
42:13 Conscription
42:29 Hoardings
41:50 Light Cavalry
43:28 Ring Archer Armor
43:30 Scale Barding Armor
44:11 Maghrebi Camels
45:26 Chain Barding Armor
44:41 Heavy Camel Rider
46:39 Forging
50:06 Plate Barding Armor
Cambo
6:34 Loom
12:59 Feudal Age
14:21 Double-Bit Axe
17:07 Castle Age
14:56 Double-Bit Axe
18:57 Bow Saw
19:17 Horse Collar
24:57 Gold Mining
26:00 Wheelbarrow
28:23 Bloodlines
28:13 Husbandry
30:39 Scale Barding Armor
31:12 Forging
31:44 Chain Barding Armor
33:27 Gold Shaft Mining
33:48 Iron Casting
36:29 Imperial Age
34:22 Stone Mining
36:27 Heavy Camel Rider
36:30 Cavalier
38:19 Conscription
40:05 Stone Shaft Mining
40:51 Savar
45:10 Two-Man Saw
46:05 Plate Barding Armor
48:52 Blast Furnace
52:11 Hand Cart
Connection lost

Rejoining the realm…

Still unreachable

The connection could not be restored.

Session expired

The server has moved on; the page needs a fresh start.